 Dungeon Crawl Stone Soup version 0.28-a0-1334-g1c9ffb4daf (webtiles) character file.

Game seed: 7139749506733572236

454616 Hortimo the Convoker (level 25, -8/146 (185) HPs)
             Began as a Human Wanderer on Dec 26, 2021.
             Was the Champion of Ru.
             Killed from afar by an acid blob (13 damage)
             ... with a splash of acid
             ... on level 4 of the Pits of Slime on Dec 28, 2021.
             The game lasted 07:26:20 (76492 turns).

Hortimo the Convoker (Human Wanderer)              Turns: 76492, Time: 07:26:21

HP:   -8/146 (185)  AC:  3    Str: 15    XL:     25   Next: 57%
MP:   16/43         EV: 17    Int: 21    God:    Ru [******]
Gold: 5615          SH: 11    Dex: 13    Spells: 6/57 levels left

rFire   + . .      SeeInvis .   a - +6 trident of Vefaw {pain, +Blink rN+ Will+++ Dex+3}
rCold   + . .      Faith    .   h - +3 warlock's mirror {reflect}
rNeg    + . .      Spirit   .   N - +5 steam dragon scales
rPois   .          Reflect  +   d - +2 helmet
rElec   .          Harm     .   C - +2 cloak {rCorr}
rCorr   +          Rampage  .   L - +2 pair of gloves {hurl}
Will    ++++.                   w - +0 pair of boots
Stlth   ..........              z - amulet of magic regeneration
HPRegen 0.34/turn               S - ring "Juucwal" {Fly rF+}
MPRegen 0.68/turn               n - ring of protection from cold

@: exhausted, marked, corroded, extremely horrified, flying, hasted, heavily
drained, very quick
A: dopey 1, weak 1, no stealth, inability to use devices, cowardly, disrupted
magic 1
}: 2/15 runes: decaying, gossamer
a: Renounce Religion, Draw Out Power, Power Leap, Apocalypse


You were on level 4 of the Pits of Slime.
You worshipped Ru.
Ru was exalted by your worship.
You visited 10 branches of the dungeon, and saw 45 of its levels.
You also visited: Bailey, Ice Cave, Volcano and Desolation.

You collected 6402 gold pieces.
You spent 787 gold pieces at shops.

Inventory:

Hand Weapons
 a - the +6 trident of Vefaw (weapon) {pain, +Blink rN+ Will+++ Dex+3}
   (You took it off a spriggan on level 4 of the Lair of Beasts)

   In the hands of one skilled in necromantic magic, it inflicts extra damage on
   living creatures.
   Dex:       It affects your dexterity (+3).
   rN:        It protects you from negative energy.
   +Blink:    It lets you blink.
   Will:      It greatly increases your willpower.
 b - a +6 demon blade of electrocution
 m - the +6 long sword "Liecan" {flame, SInv}
   (You acquired it on level 9 of the Dungeon)

   It burns those it strikes, dealing additional fire damage.
   Big, fiery blades are also staple armaments of hydra-hunters.
   SInv:      It lets you see invisible.
Missiles
 E - 10 curare-tipped darts (quivered)
 H - 3 atropa-tipped darts
Armour
 d - a +2 helmet (worn)
 h - the +3 warlock's mirror (worn) {reflect}
   (You acquired it on level 6 of the Lair of Beasts)

   It can block and reflect piercing ranged attacks and magical attacks against
   the wielder's willpower.
 o - a +2 robe of willpower
 v - a +3 kite shield of cold resistance
 w - a +0 pair of boots (worn)
 C - a +2 cloak of preservation (worn)
 G - quicksilver dragon scales
 L - a +2 pair of gloves of hurling (worn)
 N - +5 steam dragon scales (worn)
Jewellery
 e - a ring of poison resistance
 f - a +4 ring of evasion
 i - a +4 ring of protection
 l - a ring of willpower
 n - a ring of protection from cold (right hand)
 p - the ring "Yhit" {Drain MP+9 Int+4 Slay+2}
   (You found it in the Desolation of Salt)

   [ring of magical power]

   Int:       It affects your intelligence (+4).
   Slay:      It affects your accuracy & damage with ranged weapons and melee
   (+2).
   MP:        It affects your magic capacity (+9).
   Drain:     It drains your maximum health when unequipped.
 r - a +6 ring of intelligence
 s - a ring of protection from fire
 y - a ring of positive energy
 z - an amulet of magic regeneration (around neck)
 B - an amulet of regeneration
 I - a ring of magical power
 S - the ring "Juucwal" (left hand) {Fly rF+}
   (You took it off a fire giant on level 2 of the Depths)

   [ring of protection from fire]

   rF:        It protects you from fire.
   Fly:       It grants you flight.
 T - a +6 ring of strength
Scrolls
 u - 8 scrolls of fog
 A - 7 scrolls of amnesia
 D - a scroll of fear
 F - 15 scrolls of teleportation
 J - 5 scrolls of vulnerability
 K - 4 scrolls of silence
 O - 2 scrolls of holy word
 U - a scroll of identify
 X - 2 scrolls of summoning
 Z - a scroll of magic mapping
Potions
 c - 4 potions of attraction
 g - 3 potions of resistance
 j - 2 potions of cancellation
 k - 4 potions of ambrosia
 q - a potion of haste
 t - 6 potions of invisibility
 x - 10 potions of curing
 M - 9 potions of lignification
 Q - 6 potions of mutation
 R - 3 potions of flight
 V - 5 potions of magic
 W - 5 potions of brilliance
 Y - 4 potions of might


   Skills:
 - Level 12.3 Fighting
 - Level 14.5 Long Blades
 - Level 9.6 Armour
 - Level 11.1 Dodging
 - Level 15.1 Shields
 + Level 16.8 Spellcasting
 - Level 5.1 Conjurations
 - Level 5.0 Hexes
 - Level 20.0 Summonings
 - Level 15.0 Necromancy
 - Level 6.0 Translocations
 - Level 9.7 Ice Magic
 - Level 9.0 Air Magic
 - Level 4.1 Earth Magic


You had 6 spell levels left.
You knew the following spells:

 Your Spells              Type           Power      Damage    Failure   Level
a - Summon Cactus Giant   Summ           29%        N/A       1%          6
b - Animate Skeleton      Necr           100%       N/A       1%          1
c - Summon Lightning Spi  Summ/Air       49%        N/A       1%          4
d - Freezing Cloud        Conj/Ice/Air   15%        6-21      5%          5
e - Summon Ice Beast      Ice/Summ       50%        N/A       1%          4
f - Blink                 Tloc           52%        N/A       1%          2
g - Summon Mana Viper     Hex/Summ       43%        N/A       1%          5
h - Ozocubu's Armour      Ice            36%        N/A       1%          3
i - Monstrous Menagerie   Summ           29%        N/A       1%          7
j - Haunt                 Necr/Summ      27%        N/A       3%          7
k - Sublimation of Blood  Necr           50%        N/A       1%          2
l - Borgnjor's Vile Clut  Necr/Erth      18%        N/A       3%          5

Your spell library contained the following spells:

 Spells                   Type           Power      Damage    Failure   Level
 Magic Dart               Conj           96%        1d7       1%          1
 Pain                     Necr           100%       1d9       1%          1
 Slow                     Hex            96%        N/A       1%          1
 Summon Small Mammal      Summ           100%       N/A       1%          1
 Ensorcelled Hibernation  Hex/Ice        60%        N/A       1%          2
 Poisonous Vapours        Pois/Air       44%        N/A       1%          2
 Searing Ray              Conj           48%        2d6       1%          2
 Call Canine Familiar     Summ           59%        N/A       1%          3
 Summon Guardian Golem    Hex/Summ       43%        N/A       1%          3
 Vampiric Draining        Necr           50%        2d9       1%          3
 Animate Armour           Summ/Erth      84%        N/A       1%          4
 Animate Dead             Necr           25%        N/A       1%          4
 Dispel Undead            Necr           50%        3d19      1%          4
 Foxfire                  Conj/Fire      68%        2x1d7     2%          1
 Confusing Touch          Hex            24%        N/A       2%          3
 Dazzling Flash           Conj/Hex       48%        N/A       2%          3
 Stone Arrow              Conj/Erth      46%        3d9       2%          3
 Sting                    Tmut/Pois      44%        1d5       5%          1
 Conjure Flame            Conj/Fire      17%        6-21      5%          3
 Iskenderun's Mystic Bla  Conj/Tloc      25%        2d7       5%          4
 Simulacrum               Ice/Necr       21%        N/A       5%          6
 Inner Flame              Hex/Fire       17%        N/A       6%          3
 Fulminant Prism          Conj/Hex       12%        3d9       7%          4
 Metabolic Englaciation   Hex/Ice        15%        N/A       7%          5
 Manifold Assault         Tloc           26%        N/A       12%         5
 Ignite Poison            Fire/Tmut/Pois 11%        N/A       14%         3
 Spider Form              Tmut/Pois      11%        N/A       14%         3
 Flame Wave               Conj/Fire      17%        2d5       16%         4
 Sticky Flame             Conj/Fire      17%        2d4       16%         4
 Petrify                  Tmut/Erth      16%        N/A       21%         4
 Irradiate                Conj/Tmut      8%         3d16      38%         5
 Olgreb's Toxic Radiance  Pois           11%        N/A       41%         4
 Dispersal                Tloc           13%        N/A       47%         6
 Alistair's Intoxication  Tmut/Pois      7%         N/A       73%         5
 Starburst                Conj/Fire      8%         6d4       90%         6
 Statue Form              Tmut/Erth      10%        N/A       95%         6
 Eringya's Noxious Bog    Tmut/Pois      5%         N/A       99%         6
 Spellforged Servitor     Conj/Summ      22%        N/A       22%         7
 Infestation              Necr           25%        N/A       50%         8
 Orb of Destruction       Conj           12%        9d6       98%         7
 Storm Form               Tmut/Air       11%        N/A       99%         7
 Disjunction              Tloc           13%        N/A       100%        8
 Lehudib's Crystal Spear  Conj/Erth      11%        10d4      100%        8
 Necromutation            Tmut/Necr      15%        N/A       100%        8
 Death's Door             Necr           25%        N/A       100%        9


Dungeon Overview and Level Annotations

Branches:
Dungeon (15/15)            Temple (1/1) D:5            Lair (6/6) D:10
  Swamp (4/4) Lair:3       Spider (4/4) Lair:4        Slime (4/5) Lair:5
    Orc (2/2) D:12            Elf (2/3) Orc:2        Vaults (4/5) D:14
 Depths (3/4) D:15         Bailey (visited)           IceCv (visited)
Volcano (visited)         Desolation (visited)
  Crypt: Vaults:2-3

Altars:
Ashenzari
Cheibriados
Dithmenos
Fedhas
Gozag
Hepliaklqana
Makhleb
Nemelex Xobeh
Okawaru
Qazlal
Ru
Sif Muna
Trog
Vehumet
Xom
Yredelemnul
Zin
Beogh
Jiyva

Shops:
D:9 ?   D:11 !   Orc:1 (   Orc:2 *:[(   Elf:1 (=(   Elf:2 (   Vaults:2 *[[
Vaults:4 *

Portals:
Hell: Depths:1 Depths:2 Depths:3
Abyss: Depths:3
Pandemonium: Depths:2 Depths:3
Ziggurat: Depths:3

Annotations:
Vaults:2 Mennas


Innate Abilities, Weirdness & Mutations

You are dopey. (Int -2)
You are weak. (Str -2)
You cannot be stealthy.
You cannot study or use magical devices.
Your cowardice makes you less effective in combat with threatening foes.
Your casting is slightly disrupted.


Message History

Okay, then.
Unknown command.
Unknown command.
As you read the scroll of fear, it crumbles to dust.
You assume a fearsome visage.
The rockslime looks frightened!
The slime creature looks frightened! x2
The acid blob resists with almost no effort. x3
The slime creature looks frightened!
The acid blob resists with almost no effort.
The acid blob looks frightened!
The acid blob spits acid at you. The splash of acid hits you! You resist.
* * * LOW HITPOINT WARNING * * *
Unknown command.
You feel yourself speed up.
Unknown command.
Okay, then.
Unknown command.
The slime creature sets off the alarm!
The alarm trap emits a blaring wail!
A sentinel's mark forms upon you. The acid blob spits acid at you.
The splash of acid hits you. You resist.
* * * LOW HITPOINT WARNING * * *
The acid corrodes you!
Unknown command.
The acid blob spits acid at you. The splash of acid hits you! You resist.
* * * LOW HITPOINT WARNING * * *
Unknown command.
As you read the scroll of fear, it crumbles to dust.
You assume a fearsome visage.
The slime creature resists with some effort.
The acid blob looks frightened!
The acid blob easily resists.
The acid blob resists with almost no effort.
The slime creature looks frightened!
The acid blob resists with almost no effort.
The acid blob spits acid at you. The splash of acid hits you! You resist.
You die...

.. ###.............
##.##.............#.
#...................
#.....###...........
...J..##....#..#.#..
................##..
.J.#............#..
.........JJJ.......
.......@.J.J......#
J............#...##
...#.#..........##
..#.............#
............#.##
................#
.................#
..................#
.#............^..##


You could see 5 acid blobs and 3 slime creatures.

Vanquished Creatures
  Xtahua (Vaults:3)
  A caustic shrike (Depths:3)
  A walking crystal tome (Depths:3)
  Rupert (Lair:3)
  2 acid blobs
  A quicksilver dragon (Depths:3)
  4 shadow dragons
  A sphinx (Elf:1)
  An azure jelly (shapeshifter) (Elf:1)
  A storm dragon (Vaults:4)
  An azure jelly (Slime:1)
  2 fire giants (Depths:2)
  4 frost giants
  3 deep elf sorcerers
  4 ghost moths
  2 orc warlords
  6 vault wardens
  A juggernaut zombie (Depths:2)
  An emperor scorpion (Spider:2)
  4 ironbound preservers
  A reaper (IceCv)
  A spriggan defender (Depths:3)
  2 quicksilver oozes (Slime:2)
  12 very ugly things
  2 war gargoyles
  5 stone giants
  A juggernaut skeleton (Depths:2)
  4 vampire knights
  A deep elf demonologist (Elf:1)
  2 bunyips
  Azrael (Elf:2)
  3 entropy weavers
  A spark wasp (Depths:1)
  A deep elf annihilator (Vaults:4)
  A halazid warlock (Desolation)
  5 dire elephants
  3 ettins
  A crystal guardian (Vaults:4)
  3 fire dragons
  5 yaktaur captains
  A ragged hierophant (Desolation)
  2 great orbs of eyes
  A jiangshi (Depths:2)
  A vault guard (Vaults:4)
  A rakshasa (Depths:3)
  2 ice dragons
  2 peacekeepers
  2 ogre magi
  2 boulder beetles
  2 catoblepae
  6 ironbound frosthearts
  8 hydras
  8 dancing weapons
  5 centaur warriors
  3 two-headed ogres
  2 alligators
  8 death scarabs (Spider:4)
  3 deep troll earth magi
  A death knight (D:12)
  6 death yaks
  4 tengu warriors
  A titan zombie (Depths:2)
  2 vampire magi
  Urug (Lair:3)
  3 spriggan berserkers
  A deep troll shaman (Depths:1)
  4 hell knights (Depths:2)
  The ghost of Lavandula the Thaumaturge, a novice FoTm of Ru (D:9)
  5 spriggans
  3 iron trolls (Depths:1)
  5 deep elf knights
  The ghost of Troll the Cleaver, a novice HOFi of Beogh (D:8)
  A fire crab (Lair:5)
  A skeletal warrior (D:15)
  A sun demon (Depths:2)
  A shadow wraith (Depths:2)
  3 salamander mystics
  12 deep trolls
  A golden dragon zombie (Vaults:3)
  2 swamp dragons (Swamp:4)
  8 ironbound convokers
  A bog body (Swamp:4)
  9 deep elf archers
  A glowing orange brain (Vaults:3)
  A spectral wolf spider (Spider:4)
  An orc knight (D:15)
  4 lindwurms
  8 deep elf zephyrmancers
  5 necromancers
  3 harpies
  18 deep elf pyromancers
  8 orb spiders
  14 wolf spiders
  4 wizards
  A phantasmal warrior (Vaults:4)
  A stone giant zombie (Vaults:3)
  A shadow dragon skeleton (Vaults:3)
  6 manticores
  5 cyclopes
  An oklob plant (Spider:1)
  22 ugly things
  A shining eye (Slime:4)
  4 salamanders
  4 black mambas (Lair:6)
  3 moths of wrath
  5 vault sentinels
  2 fire giant skeletons
  2 molten gargoyles (Lair:6)
  2 gargoyles (D:12)
  A torpor snail (Spider:3)
  2 ice statues (IceCv)
  5 elephants
  8 cane toads
  9 demonic crawlers
  A rime drake (Lair:5)
  2 kobold demonologists (D:12)
  2 spectral redbacks (Spider:4)
  Psyche (D:11)
  7 yaktaurs
  2 tengu conjurers
  12 komodo dragons
  A red devil (Depths:2)
  6 ice devils
  6 trolls
  19 jumping spiders
  2 polar bears (Lair:6)
  4 spectral jumping spiders (Spider:4)
  10 hornets
  3 spectral tarantellas (Spider:4)
  A polar bear (shapeshifter) (Elf:2)
  A tarantella (shapeshifter) (Depths:2)
  6 tyrant leeches
  6 saltlings
  15 slime creatures
  A spriggan zombie (D:15)
  2 blink frogs (Lair:3)
  2 dream sheep (Lair:4)
  A spriggan skeleton (Depths:2)
  Sigmund (D:5)
  2 water elementals (Elf:2)
  A shadow (D:11)
  31 redbacks
  3 vampires (D:12)
  A dire elephant simulacrum (IceCv)
  9 tarantellas
  An air elemental (Elf:2)
  A wraith (D:9)
  5 hogs (D:13)
  2 ettin skeletons
  13 golden eyes
  6 wyverns
  8 fire elementals
  3 basilisks
  2 steam dragons
  45 yaks
  5 vampire mosquitoes
  2 wargs
  4 acid dragons (Spider:1)
  6 swamp worms
  Duvessa (D:4)
  17 nameless horrors
  6 water moccasins
  11 hell hounds
  A swamp drake (Swamp:4)
  2 floating eyes (shapeshifter)
  17 orc warriors
  2 ice beasts (D:8)
  4 black bears
  2 hornet zombies
  A necrophage (D:5)
  11 wolves
  4 ogres
  4 centaurs
  3 boggarts
  A phantom (D:4)
  Blork the orc (D:4)
  10 bullfrogs
  5 gnoll sergeants
  5 scorpions
  A cane toad simulacrum (IceCv)
  A wyvern zombie (D:8)
  A two-headed ogre simulacrum (IceCv)
  2 elephant simulacra (IceCv)
  2 killer bees (D:9)
  3 electric eels
  3 howler monkeys
  2 centaur zombies
  3 lava snakes (Lair:6)
  Crazy Yiuf (D:5)
  A centaur skeleton (D:6)
  7 hounds
  13 jellies
  6 orc priests
  5 gnoll shamans
  4 iguanas
  11 orc wizards
  A polar bear simulacrum (IceCv)
  2 spriggan simulacra
  3 hell rats
  A killer bee zombie (D:6)
  A hound skeleton (D:5)
  A howler monkey zombie (D:7)
  Robin (D:3)
  22 gnolls
  6 adders
  A white imp (IceCv)
  4 ufetubi
  A worm (D:4)
  2 dart slugs
  24 orcs
  5 ball pythons
  4 bats
  23 endoplasms
  A giant cockroach (D:5)
  12 goblins
  12 hobgoblins
  4 jackals (D:5)
  6 quokkas
  2 frilled lizards
  7 kobolds
  10 rats
  14 briar patches (D:11)
  A butterfly (Lair:4)
995 creatures vanquished.

Vanquished Creatures (collateral kills)
  A dread lich (Depths:2)
  An ancient lich (Depths:2)
  the Lernaean hydra (Swamp:4)
  Saint Roka (Vaults:2)
  Jory (Vaults:3)
  Nikola (Vaults:3)
  A walking crystal tome (Depths:3)
  A lich (Depths:2)
  A walking earthen tome (Depths:2)
  A titan (Depths:2)
  A deep elf blademaster (Elf:2)
  2 acid blobs
  A quicksilver dragon (Depths:3)
  3 thorn hunters
  4 sphinxes
  3 tengu reavers
  A shadow dragon (Depths:2)
  Donald (Elf:2)
  Roxanne (Elf:1)
  An azure jelly (Slime:4)
  6 frost giants
  An imperial myrmidon (Desolation)
  2 orc warlords
  7 vault wardens
  3 fire giants
  A deep elf sorcerer (Vaults:4)
  2 emperor scorpions (Spider:4)
  A caustic shrike zombie (Depths:2)
  A juggernaut zombie (D:15)
  2 ghouls (Swamp:4)
  9 ironbound preservers
  2 spriggan defenders
  4 stone giants
  5 ironbound thunderhulks
  4 very ugly things
  2 quicksilver oozes
  A war gargoyle (Vaults:4)
  4 eleionomae
  4 vampire knights (Depths:2)
  10 entropy weavers
  A red draconian (Volcano)
  3 dire elephants
  2 deep elf annihilators
  2 spectral titans (Depths:2)
  8 spark wasps
  2 crystal guardians
  A purple draconian (Vaults:4)
  A deep elf death mage (Depths:2)
  6 bunyips
  An ettin (shapeshifter) (Vaults:4)
  4 fire dragons
  A jiangshi (Depths:2)
  2 ettins
  7 yaktaur captains
  A shambling mangrove (Swamp:1)
  10 vault guards
  A deep elf high priest (Vaults:4)
  A hell beast (Depths:2)
  2 servants of whispers (Desolation)
  7 great orbs of eyes
  5 boulder beetles
  2 ice dragons (Depths:1)
  24 hydras
  2 rakshasas
  A spriggan air mage (Depths:3)
  3 ironbound frosthearts
  2 peacekeepers
  A salamander tyrant (Depths:2)
  A catoblepas (D:10)
  A centaur warrior (D:15)
  A death knight (Vaults:2)
  9 two-headed ogres
  4 alligators
  2 tengu warriors
  2 death yaks
  A deep troll shaman (Depths:3)
  12 dancing weapons
  5 vampire magi
  4 spriggan berserkers
  3 orc high priests
  7 spriggans
  7 deep elf knights
  Sonja (Orc:1)
  9 hell knights
  2 shadow wraiths
  8 goliath frogs
  7 skeletal warriors
  A flayed ghost (Depths:2)
  14 deep trolls
  10 swamp dragons
  2 spriggan druids
  6 wizards
  2 deep elf archers (Elf:1)
  A bog body (Swamp:4)
  9 lindwurms
  2 spectral wolf spiders (Spider:4)
  9 ironbound convokers
  2 wolf spider zombies (Spider:4)
  2 phantasmal warriors (Depths:3)
  5 necromancers
  7 deep elf pyromancers
  9 deep elf zephyrmancers
  12 orb spiders
  10 orc knights
  21 wolf spiders
  21 ugly things
  5 harpies (Vaults:1)
  3 orc sorcerers (Orc:2)
  3 shining eyes
  A sphinx skeleton (Depths:2)
  7 salamanders
  A will-o-the-wisp (Swamp:3)
  8 cyclopes
  A stone giant zombie (Vaults:3)
  5 manticores
  A centaur zombie (D:11)
  Maurice (D:12)
  4 moths of wrath
  12 vault sentinels
  A smoke demon (Depths:2)
  An eye of devastation (shapeshifter) (Vaults:1)
  3 black mambas
  A guardian serpent (Desolation)
  2 torpor snails
  A rust devil (Depths:2)
  6 cane toads
  7 elephants
  3 eyes of devastation
  A kobold demonologist (D:14)
  A human zombie (Vaults:3)
  4 komodo dragons
  A rime drake (shapeshifter) (Vaults:4)
  A rime drake (Lair:5)
  17 yaktaurs
  3 ice devils (IceCv)
  A tengu conjurer (D:14)
  10 demonic crawlers
  An entropy weaver simulacrum (IceCv)
  7 trolls
  A bloated husk (Swamp:4)
  3 meliai (D:14)
  25 jumping spiders
  13 hornets
  11 tyrant leeches
  31 slime creatures
  11 saltlings (Desolation)
  A tarantella zombie (Spider:4)
  2 spectral tarantellas (Spider:4)
  3 blink frogs
  3 spectral jumping spiders (Spider:4)
  A blink frog (shapeshifter) (D:14)
  2 dream sheep (Lair:4)
  An air elemental (Elf:2)
  32 redbacks
  A water elemental (Elf:2)
  21 tarantellas
  A tarantella (shapeshifter) (D:13)
  17 yaks
  A shadow (D:9)
  2 steam dragons
  A wraith (D:12)
  A yak (shapeshifter) (D:14)
  3 golden eyes
  2 wyverns (Lair:6)
  A basilisk (Lair:1)
  2 death yak simulacra (IceCv)
  11 vampire mosquitoes
  12 swamp worms
  2 tengu zombies
  A warg (D:15)
  An acid dragon (Spider:1)
  3 hell hounds
  7 water moccasins
  2 floating eyes (D:10)
  13 orc warriors
  13 swamp drakes
  A necrophage (Swamp:4)
  A boggart (Vaults:3)
  6 ogres
  4 centaurs (D:14)
  9 wolves
  2 kobold brigands (D:8)
  7 bullfrogs
  4 earth elementals
  2 scorpions
  A two-headed ogre simulacrum (IceCv)
  Dowan (D:4)
  2 killer bees (D:9)
  3 howler monkeys
  4 nameless horrors
  An electric eel (Lair:2)
  2 lava snakes (Lair:6)
  A jelly (Lair:5)
  8 orc priests
  10 orc wizards
  Ijyb (D:4)
  2 lightning spires (Swamp:3)
  3 hell rats (Lair:4)
  A troll simulacrum (IceCv)
  2 adders (D:2)
  12 gnolls
  A naga simulacrum (IceCv)
  3 white imps (IceCv)
  2 ufetubi (IceCv)
  A worm (D:2)
  33 orcs
  10 endoplasms
  A giant cockroach (D:2)
  3 goblins
  6 hobgoblins (Bailey)
  12 kobolds
  A quokka (D:2)
  2 ball pythons
  4 frilled lizards
  A rat (D:1)
  A butterfly (Lair:4)
986 creatures vanquished.

Vanquished Creatures (others)
  A tentacled monstrosity (Vaults:2)
  A ghost moth (Spider:4)
  2 emperor scorpions
  An ironbound preserver (Vaults:1)
  The ghost of Tycho the Geomancer, a journeyman GrEE of Vehumet (Lair:4)
  A hydra (Swamp:4)
  2 two-headed ogres
  An alligator (Swamp:4)
  A deep elf knight (Elf:1)
  2 wizards
  2 deep trolls
  A lindwurm (Vaults:3)
  2 deep elf zephyrmancers (Elf:2)
  2 deep elf pyromancers (Elf:1)
  A will-o-the-wisp (Swamp:3)
  A tengu conjurer (D:14)
  A demonic crawler (Spider:3)
  A troll (Orc:1)
  3 bloated husks (Swamp:1)
  A jumping spider (Spider:1)
  2 slime creatures
  A yak (Lair:1)
  A hell hound (Lair:6)
  A water moccasin (Lair:5)
  2 bullfrogs
  2 orc priests (Orc:2)
  An orc wizard (Orc:2)
  A hound zombie (D:4)
  2 gnolls (D:4)
  An orc (D:5)
  A goblin (D:3)
  2 ball lightnings (Swamp:3)
  A bush (Lair:6)
  2 foxfires (Swamp:3)
  61 fungi
  A pillar of salt (Desolation)
  89 plants
  9 withered plants
208 creatures vanquished.

Grand Total: 2189 creatures vanquished

Notes
Turn   | Place    | Note
-------+----------+-------------------------------------------
     0 | D:1      | Hortimo the Human Wanderer began the quest for the Orb.
     0 | D:1      | Hortimo set off with the following items: a +0 club, a
                  | scroll of silence, a +0 robe, a potion of curing; and the
                  | following spell memorised: Summon Small Mammal; and the
                  | following spells available to memorise: Summon Ice Beast,
                  | Summon Lightning Spire
     0 | D:1      | Reached XP level 1. HP: 18/18 MP: 4/4
   281 | D:1      | Reached XP level 2. HP: 24/24 MP: 4/6
  1173 | D:2      | Reached XP level 3. HP: 27/29 MP: 7/7
  1219 | D:2      | Reached skill level 1 in Shields
  1723 | D:2      | Reached XP level 4. HP: 35/35 MP: 5/8
  2622 | D:3      | Found a faded altar of an unknown god.
  2643 | D:3      | Reached XP level 5. HP: 25/41 MP: 6/9
  2657 | D:3      | Prayed at the altar of an unknown god.
  2657 | D:3      | Became a worshipper of Ru the Awakened
  2666 | D:3      | Gained mutation: You cannot study or use magical devices.
                  | [Ru sacrifice]
  2666 | D:3      | Reached * piety under Ru
  2666 | D:3      | Reached ** piety under Ru
  3231 | D:3      | Found a sparkling altar of Nemelex Xobeh.
  3263 | D:3      | Noticed Robin
  3300 | D:3      | Killed Robin
  3695 | D:4      | Noticed Blork the orc
  3704 | D:4      | Killed Blork the orc
  3705 | D:4      | Reached XP level 6. HP: 29/47 MP: 10/10
  4415 | D:5      | Entered Level 5 of the Dungeon
  4424 | D:5      | Found a staircase to the Ecumenical Temple.
  4472 | D:5      | Reached XP level 7. HP: 47/52 MP: 11/11
  4530 | D:5      | Noticed Sigmund
  4826 | D:5      | Reached skill level 5 in Long Blades
  5057 | D:5      | Found a burning altar of Makhleb.
  5596 | D:5      | Reached XP level 8. HP: 56/58 MP: 12/12
  5697 | Temple   | Entered the Ecumenical Temple
  6242 | Temple   | Gained mutation: You cannot be stealthy. [Ru sacrifice]
  6242 | Temple   | Reached *** piety under Ru
  6333 | D:5      | Reached skill level 1 in Air Magic
  6930 | D:5      | Reached XP level 9. HP: 51/64 MP: 13/13
  6939 | D:5      | Learned a level 1 spell: Animate Skeleton
  7115 | D:5      | Reached skill level 1 in Necromancy
  7640 | D:5      | Killed Sigmund
  7862 | D:5      | Found a shadowy altar of Dithmenos.
  7862 | D:5      | Found a blossoming altar of Fedhas.
  7863 | D:5      | Found a snail-covered altar of Cheibriados.
  7895 | D:5      | Found a runed translucent door.
  7896 | D:5      | Noticed Crazy Yiuf
  8020 | D:5      | Killed Crazy Yiuf
  8021 | D:5      | Reached skill level 5 in Summonings
  8123 | D:4      | Noticed Ijyb
  8235 | D:4      | Learned a level 4 spell: Summon Lightning Spire
  8289 | D:4      | Killed Ijyb
  8455 | D:4      | Noticed Duvessa
  8455 | D:4      | Noticed Dowan
  8489 | D:4      | Killed Duvessa
  8503 | D:4      | Killed Dowan
  8708 | D:4      | Reached skill level 6 in Summonings
  9713 | D:6      | Learned a level 3 spell: Vampiric Draining
  9960 | D:6      | Reached skill level 7 in Summonings
  9960 | D:6      | Reached XP level 10. HP: 70/70 MP: 15/15
  9965 | D:6      | Found a radiant altar of Vehumet.
 10254 | D:7      | Gained mutation: Your casting is slightly disrupted. [Ru
                  | sacrifice]
 10254 | D:7      | Reached **** piety under Ru
 10767 | D:8      | Identified the +1 robe "Okodghoma" {Int-4 Dex+7 Stlth-}
 11105 | D:8      | Found a broken altar of Ashenzari.
 11112 | D:8      | Found a basalt altar of Yredelemnul.
 11115 | D:8      | Found a stormy altar of Qazlal.
 11169 | D:8      | Found a transporter.
 11173 | D:8      | Noticed a manticore
 11174 | D:8      | Noticed a moth of wrath
 11174 | D:8      | Noticed Troll's ghost (novice HOFi)
 11353 | D:8      | Found a transporter.
 11470 | D:8      | Found a shimmering blue altar of Sif Muna.
 11772 | D:9      | Reached skill level 5 in Spellcasting
 11772 | D:9      | Reached skill level 8 in Summonings
 11807 | D:9      | Reached skill level 5 in Air Magic
 12469 | D:9      | Gained mutation: Your cowardice makes you less effective in
                  | combat with threatening foes. [Ru sacrifice]
 12469 | D:9      | Reached ***** piety under Ru
 12620 | D:9      | Found a runed translucent gate.
 12620 | D:9      | Found a runed translucent gate.
 12620 | D:9      | Found a runed translucent gate.
 12627 | D:9      | Noticed Lavandula's ghost (novice FoTm)
 12630 | D:9      | Found a viscous altar of Jiyva.
 12692 | D:9      | Found Pihiogig's Magic Scroll Shop.
 12700 | D:9      | Bought a scroll of teleportation for 39 gold pieces
 12700 | D:9      | Bought a scroll of fear for 45 gold pieces
 12700 | D:9      | Identified a scroll of acquirement
 12701 | D:9      | Acquired the +6 long sword "Liecan" {flame, SInv}
 12859 | D:9      | Found a faded altar of an unknown god.
 12859 | D:9      | Found a faded altar of an unknown god.
 12859 | D:9      | Found a hazy altar of Hepliaklqana.
 12948 | D:9      | Found a faded altar of an unknown god.
 13142 | D:9      | Killed Lavandula's ghost
 13143 | D:9      | Reached XP level 11. HP: 65/75 MP: 5/18
 13148 | D:9      | Learned a level 4 spell: Summon Ice Beast
 13285 | D:10     | Entered Level 10 of the Dungeon
 13341 | D:10     | Found a staircase to the Lair.
 13341 | D:10     | Noticed an elephant
 13352 | D:10     | Killed an elephant
 13546 | D:10     | Reached skill level 1 in Ice Magic
 13858 | D:10     | Noticed an ogre mage
 13864 | D:10     | Killed an ogre mage
 14147 | D:10     | Noticed a two-headed ogre
 14158 | D:10     | Killed a two-headed ogre
 14159 | D:10     | Reached skill level 5 in Ice Magic
 14339 | D:10     | Found a shimmering blue altar of Sif Muna.
 14341 | D:10     | Found a shimmering altar of Xom.
 14341 | D:10     | Found a shimmering altar of Xom.
 14343 | D:10     | Found a burning altar of Makhleb.
 14343 | D:10     | Found an opulent altar of Gozag.
 14343 | D:10     | Found a shimmering altar of Xom.
 14379 | D:10     | Paralysed by a floating eye for 3 turns
 14422 | D:10     | Found an iron altar of Okawaru.
 14557 | D:10     | Noticed a catoblepas
 14601 | D:10     | Killed a catoblepas
 14760 | D:10     | Reached skill level 9 in Summonings
 14918 | D:11     | Reached XP level 12. HP: 76/79 MP: 19/19
 14944 | D:11     | Found a transporter.
 14968 | D:11     | Found a transporter.
 15394 | D:11     | Noticed Psyche
 15414 | D:11     | Killed Psyche
 15518 | D:11     | Reached skill level 10 in Summonings
 15820 | D:11     | Found Renam's Distillery.
 15828 | D:11     | Bought a potion of curing for 48 gold pieces
 15828 | D:11     | Bought a potion of invisibility for 128 gold pieces
 16102 | D:11     | Found a bloodstained altar of Trog.
 16117 | D:11     | Reached skill level 1 in Dodging
 16246 | Lair:1   | Entered Level 1 of the Lair of Beasts
 16255 | Lair:1   | Reached skill level 10 in Long Blades
 17251 | Lair:2   | Found a dark tunnel.
 17260 | Volcano  | Entered a volcano
 17278 | Volcano  | Noticed a salamander mystic
 17294 | Volcano  | Killed a salamander mystic
 17325 | Volcano  | Reached skill level 5 in Fighting
 17542 | Volcano  | Noticed a red draconian
 17557 | Volcano  | Killed a red draconian
 17558 | Volcano  | Reached XP level 13. HP: 91/93 MP: 14/20
 18736 | Lair:3   | Noticed Rupert
 18757 | Lair:3   | Killed Rupert
 18938 | Lair:3   | Noticed Urug
 18968 | Lair:3   | Killed Urug
 19399 | Lair:3   | Noticed a catoblepas
 19423 | Lair:3   | Killed a catoblepas
 19459 | Lair:3   | Learned a level 2 spell: Blink
 19572 | Lair:3   | Reached skill level 1 in Translocations
 19897 | Lair:3   | Noticed a four-headed hydra
 19905 | Lair:3   | Killed a four-headed hydra
 19939 | Lair:3   | Found a staircase to the Swamp.
 20600 | Lair:4   | Found a frozen archway.
 20668 | IceCv    | Entered an ice cave
 20680 | IceCv    | Reached XP level 14. HP: 106/106 MP: 18/21
 20829 | IceCv    | Reached skill level 5 in Translocations
 21363 | IceCv    | Reached skill level 1 in Armour
 21524 | IceCv    | Noticed a reaper
 21533 | IceCv    | Killed a reaper
 22066 | Lair:4   | Reached skill level 5 in Dodging
 22446 | Lair:4   | Found a hole to the Spider Nest.
 22723 | Lair:4   | Found a runed translucent door.
 22725 | Lair:4   | Noticed Tycho's ghost (journeyman GrEE)
 22729 | Lair:4   | Identified the +6 trident of Vefaw {pain, +Blink rN+
                  | Will+++ Dex+3}
 23054 | Lair:4   | Reached skill level 10 in Fighting
 23070 | Lair:4   | Killed Tycho's ghost
 23498 | Lair:5   | Found a staircase to the Slime Pits.
 24787 | Lair:6   | Entered Level 6 of the Lair of Beasts
 24889 | Lair:6   | Reached XP level 15. HP: 107/108 MP: 21/26
 25975 | Lair:6   | Gained mutation: You are dopey. (Int -2) [Ru sacrifice]
 26227 | Lair:6   | Acquired the +3 warlock's mirror {reflect}
 26227 | Lair:6   | Found the +3 warlock's mirror {reflect}
 26749 | Lair:6   | Found a large runed translucent door.
 26793 | Lair:6   | Found a large runed translucent door.
 26991 | Lair:6   | Learned a level 5 spell: Summon Mana Viper
 27517 | D:12     | Reached skill level 1 in Hexes
 27561 | D:12     | Noticed Maurice
 27578 | D:12     | Killed Maurice
 27652 | D:12     | Identified the +9 broad axe of the Glimmering Priest
                  | {drain, Will+}
 28141 | D:12     | Reached skill level 11 in Summonings
 28157 | D:12     | Reached XP level 16. HP: 116/121 MP: 14/27
 28674 | D:12     | Found a staircase to the Orcish Mines.
 29032 | Orc:1    | Entered Level 1 of the Orcish Mines
 29039 | Orc:1    | Noticed Sonja
 29043 | Orc:1    | Killed Sonja
 29051 | Orc:1    | Found Dicoz's Antique Weapon Shoppe.
 29245 | Orc:1    | Reached skill level 12 in Summonings
 29925 | Orc:2    | Entered Level 2 of the Orcish Mines
 30280 | Orc:2    | Reached skill level 5 in Hexes
 30663 | Orc:2    | Found Jeonukh's Antique Armour Emporium.
 30713 | Orc:2    | Found Hijemim's Antique Weapon Emporium.
 30715 | Orc:2    | Found Sodobb's Book Emporium.
 30960 | Orc:2    | Reached skill level 13 in Summonings
 31325 | Orc:2    | Found Totown's General Store.
 31331 | Orc:2    | Bought a scroll of enchant armour for 90 gold pieces
 31336 | Orc:2    | Found a staircase to the Elven Halls.
 31584 | D:13     | Noticed Kirke
 31585 | D:13     | Noticed Kirke
 31585 | D:13     | Kirke changed into Kirke the hog
 31589 | D:13     | Killed Kirke the hog
 31844 | D:13     | Found a flagged portal.
 31865 | Bailey   | Entered a bailey
 32084 | Bailey   | Acquired the Grimoire of Creative Snow
 32091 | Bailey   | Learned a level 3 spell: Ozocubu's Armour
 32128 | Bailey   | Learned a level 6 spell: Summon Cactus Giant
 33102 | D:14     | Reached skill level 14 in Summonings
 33152 | D:14     | Found a gate to the Vaults.
 33160 | D:14     | Gained mutation: You are weak. (Str -2) [Ru sacrifice]
 33160 | D:14     | Reached ****** piety under Ru
 34183 | D:15     | Entered Level 15 of the Dungeon
 34297 | D:15     | Found a staircase to the Depths.
 34302 | D:15     | Reached skill level 15 in Summonings
 34302 | D:15     | Reached XP level 17. HP: 113/119 MP: 15/28
 35703 | Spider:1 | Entered Level 1 of the Spider Nest
 37008 | Spider:1 | Reached skill level 10 in Spellcasting
 37115 | Spider:1 | Reached skill level 16 in Summonings
 37182 | Spider:1 | Noticed an acid blob
 37193 | Spider:1 | Killed an acid blob
 38147 | Spider:2 | Learned a level 7 spell: Monstrous Menagerie
 38384 | Spider:2 | Reached skill level 17 in Summonings
 38884 | Spider:2 | Reached XP level 18. HP: 95/138 MP: 22/32
 40546 | Spider:4 | Entered Level 4 of the Spider Nest
 40551 | Spider:4 | Reached skill level 18 in Summonings
 41172 | Swamp:1  | Entered Level 1 of the Swamp
 41196 | Swamp:1  | Reached skill level 19 in Summonings
 41709 | Swamp:1  | Identified the +5 hunting sling of Action {speed, rElec
                  | rN++ Str-4 Dex-3}
 42544 | Spider:4 | Reached XP level 19. HP: 140/143 MP: 20/33
 42636 | Spider:4 | Reached skill level 20 in Summonings
 43597 | Spider:4 | Reached skill level 5 in Armour
 43994 | Spider:4 | Got a gossamer rune of Zot
 45888 | Swamp:3  | Identified the +5 great sword of Sixolos {antimagic, rF+
                  | rC+ Stlth+}
 46150 | Swamp:4  | Entered Level 4 of the Swamp
 46295 | Swamp:4  | Reached skill level 5 in Necromancy
 46789 | Swamp:4  | Reached XP level 20. HP: 139/151 MP: 9/35
 47214 | Swamp:4  | Noticed the 27-headed Lernaean hydra
 47217 | Swamp:4  | Killed the 27-headed Lernaean hydra
 47538 | Swamp:4  | Got a decaying rune of Zot
 47888 | Vaults:1 | Entered Level 1 of the Vaults
 48832 | Vaults:1 | Reached skill level 10 in Necromancy
 48841 | Vaults:1 | Learned a level 7 spell: Haunt
 50225 | D:8      | Killed Troll's ghost
 50226 | D:8      | Reached XP level 21. HP: 135/139 MP: 29/37
 51425 | Vaults:2 | Noticed Mennas
 51717 | Vaults:2 | Found Gozag's Assorted Antiques.
 51968 | Vaults:2 | Found an opulent altar of Gozag.
 51973 | Vaults:2 | Found Gozag's Antique Armour Boutique.
 51985 | Vaults:2 | Found Gozag's Antique Armour Boutique.
 52051 | Vaults:2 | Noticed Saint Roka
 52065 | Vaults:2 | Killed Saint Roka
 52807 | Vaults:2 | Acquired a +4 ring of slaying
 53018 | Vaults:3 | Noticed Jory
 53366 | Vaults:3 | Killed Jory
 53401 | Vaults:3 | Reached skill level 15 in Necromancy
 53470 | Vaults:3 | Noticed Nikola
 53522 | Vaults:3 | Killed Nikola
 54201 | Vaults:3 | Learned a level 5 spell: Freezing Cloud
 54283 | Vaults:3 | Reached skill level 1 in Conjurations
 54562 | Vaults:3 | Noticed Xtahua
 54717 | Vaults:3 | Reached skill level 5 in Conjurations
 54799 | Vaults:3 | Reached XP level 22. HP: 90/136 MP: 24/38
 54953 | Elf:1    | Entered Level 1 of the Elven Halls
 54988 | Elf:1    | Identified the +5 rapier of Agaawketz {drain, Int+5}
 55185 | Elf:1    | Found Milaem's Weapon Shop.
 55553 | Elf:1    | Identified Roxanne's Tome of Transmigration
 55553 | Elf:1    | Noticed Roxanne
 55555 | Elf:1    | Upgraded the game from 0.28-a0-1241-gf280a0fbb2 to
                  | 0.28-a0-1292-gb4563b27b3
 55629 | Elf:1    | Killed Roxanne
 56735 | Vaults:3 | Reached skill level 5 in Shields
 57102 | Vaults:3 | Killed Xtahua
 58945 | Vaults:4 | Found Kaxzu's Assorted Antiques.
 58953 | Vaults:4 | Bought a potion of invisibility for 280 gold pieces
 58953 | Vaults:4 | Bought a scroll labelled FUUJOMY EWOELO for 35 gold pieces
 58958 | Vaults:4 | Bought a scroll of magic mapping for 122 gold pieces
 59738 | Vaults:4 | Reached skill level 10 in Shields
 60080 | Vaults:4 | Reached XP level 23. HP: 105/142 MP: 20/39
 60461 | Vaults:4 | Found the +10 tower shield of Ignorance {rN+ Int-4}
 60845 | Depths:1 | Entered Level 1 of the Depths
 62016 | Depths:1 | Found a shadowy altar of Dithmenos.
 62648 | Depths:1 | Learned a level 2 spell: Sublimation of Blood
 62771 | Depths:1 | Found a gateway to Hell.
 63688 | Depths:2 | Identified the +1 ring mail of the Armadillo {rN+ Regen+
                  | Slay+2}
 64405 | Depths:2 | Identified the ring "Juucwal" {Fly rF+}
 64832 | Depths:2 | Noticed a dread lich
 64891 | Depths:2 | Killed a dread lich
 64892 | Depths:2 | Reached skill level 15 in Shields
 65205 | Depths:2 | Identified the +2 hand axe "Anor" {flame, Int+3}
 65211 | Depths:2 | Upgraded the game from 0.28-a0-1292-gb4563b27b3 to
                  | 0.28-a0-1334-g1c9ffb4daf
 65425 | Depths:2 | Found a one-way gate leading to the halls of Pandemonium.
 65570 | Depths:2 | Reached XP level 24. HP: 167/179 MP: 38/39
 65827 | Depths:2 | Noticed an ancient lich
 65845 | Depths:2 | Killed an ancient lich
 66094 | Depths:2 | You are sucked into a shaft and drop 1 floor!
 66094 | Depths:3 | Found a shimmering blue altar of Sif Muna.
 66094 | Depths:3 | Found a broken altar of Ashenzari.
 66094 | Depths:3 | Found a glowing silver altar of Zin.
 66105 | Depths:3 | Found a one-way gateway to a ziggurat.
 66118 | Depths:3 | Found a one-way gate to the infinite horrors of the Abyss.
 66683 | Depths:3 | Reached skill level 10 in Dodging
 67775 | Depths:2 | Got the Collected Works on Unholy Rites
 68569 | Depths:3 | Noticed a caustic shrike
 68570 | Depths:3 | Identified the +4 war axe "Qajosofo" {vorpal, Fragile
                  | Dex+9}
 68587 | Depths:3 | Killed a caustic shrike
 69974 | Depths:3 | Noticed a caustic shrike
 70232 | Elf:1    | Found Kepsuosiqe's Weapon Shop.
 70294 | Elf:1    | Found Gioxtior's Jewellery Boutique.
 70503 | Elf:1    | Got the Compendium of the Escort
 70883 | Elf:1    | Learned a level 5 spell: Borgnjor's Vile Clutch
 71054 | Elf:1    | Reached skill level 1 in Earth Magic
 71699 | Elf:2    | Noticed Azrael
 71716 | Elf:2    | Killed Azrael
 71829 | Elf:2    | Found a runed translucent gate.
 71829 | Elf:2    | Found a runed translucent gate.
 71830 | Elf:2    | Found a runed translucent gate.
 71903 | Elf:2    | Found a crumbling gateway.
 71905 | Elf:2    | Noticed Donald
 71920 | Elf:2    | Killed Donald
 71947 | Desolati | Entered the Desolation of Salt
 72009 | Desolati | Reached XP level 25. HP: 185/185 MP: 18/41
 72336 | Desolati | Identified the ring "Yhit" {Drain MP+9 Int+4 Slay+2}
 72338 | Desolati | Identified the +5 hand axe of Mana {protect, rElec rF++
                  | rN+}
 72408 | Desolati | Reached skill level 15 in Spellcasting
 72746 | Elf:2    | Paralysed by an air elemental for 1 turns
 72860 | Elf:2    | Found Loam's Weapon Boutique.
 73182 | Elf:2    | Found a shimmering blue altar of Sif Muna.
 74944 | Slime:1  | Entered Level 1 of the Pits of Slime
 76479 | Slime:3  | You are sucked into a shaft and drop 1 floor!
 76484 | Slime:4  | HP: 8/170 [acid blob/splash of acid (9)]
 76484 | Slime:4  | HP: 2/170 [acid blob/splash of acid (6)]
 76491 | Slime:4  | HP: 5/146 [acid blob/splash of acid (16)]
 76492 | Slime:4  | Killed from afar by an acid blob

Illustrated notes

Levels and vault maps discovered:
D:1:      ncdulo_lavacross, layout_loops_corners, minmay_tetromino_l2
D:2:      layout_loops_cross, hangedman_decor_slide_cut,
          hangedman_feature_mirror
D:3:      layout_rooms, nemelex_dance_club_becter,
          hellmonk_ecumenical_altar_pennies_from_heaven,
          hangedman_abyss_or_decor_stabs, uniq_robin
D:4:      minmay_inner_zag, layout_cave_pods, uniq_blork_the_orc, uniq_duvessa,
          uniq_ijyb
D:5:      layout_cave_pools, gammafunk_temple_overflow_claw, old_standard_altar,
          minmay_temple_entry_waves, serial_gnoll_camp, gnoll_camp_mini_basic,
          gnoll_camp_mini_doghouse, gnoll_camp_huts_basic, gnoll_camp_mini_hut,
          gnoll_camp_mini_hut, gnoll_camp_mini_house, gup_sewer_entry_bowl,
          uniq_crazy_yiuf_cottage, uniq_sigmund
D:6:      layout_basic, mainiacjoe_overflow_24_doors
D:7:      layout_loops_ring
D:8:      layout_gridville, nicolae_sif_muna_condensation, minitemple,
          gammafunk_ghost_berserking_beasts
D:9:      minmay_weird_star, layout_long_grid,
          nicolae_hepliaklqana_ecumenical_no_more, serial_shops, shop,
          gammafunk_ghost_ooze
D:10:     hellmonk_paralyzer, layout_loops_corners, mainiacjoe_overflow_paths,
          doesnt_xom_only_xom, david_lair_generic
D:11:     gammafunk_worm_tunnel, layout_loops_ring, serial_shops,
          nicolae_shop_stone, trog_butcher_becter, uniq_psyche
D:12:     minmay_big_diamond_grid, layout_irregular_city, st_stairs_6,
          uniq_maurice
D:13:     layout_small_grid, enter_bailey_2, fountainhead, uniq_kirke
D:14:     layout_loops_corners, david_vaults_1
D:15:     gammafunk_depths_entry_grave, layout_basic, bh_walls_and_bars
Temple:   grunt_temple_mini_profane
Lair:1:   layout_loops_ring
Lair:2:   layout_regular_city, lightli_volcano_entry_magma_tube,
          beast_lair_carwin_11, infiniplex_staircase_pool
Lair:3:   lemuel_slime, layout_hall_layers, minmay_swamp_entry_worms,
          serial_bayou_shore_b, serial_bayou_shore_a, uniq_rupert, uniq_urug
Lair:4:   layout_regular_city, dummy_spider_entry,
          portal_ice_cave_demonic_guard, ebering_ghost_funeral_grove,
          lemuel_fruit_fields, infiniplex_staircase_pool_2
Lair:5:   layout_regular_city, nicolae_slime_entry_slimehenge, st_stairs_11
Lair:6:   cheibrodos_lair_end_hotspot, layout_gridlike
Swamp:1:  layout_falls_marsh, nicolae_swamp_small_spring
Swamp:2:  layout_basic_swamp, serial_swamp_ruin, evilmike_swamp_ruin_rubble_2,
          evilmike_swamp_ruin_house_5
Swamp:3:  layout_falls_marsh, nicolae_swamp_some_circles, swamp_pool5,
          hangedman_swamp_phenomena
Swamp:4:  swamp_basic_johnstein, layout_basic_swamp, swamp_pool5
Spider:1: nicolae_spider_hilbert_zone_4 [nicolae_spider_hilbert_4_sides_2_open,
          nicolae_spider_hilbert_4_sides_1_open,
          nicolae_spider_hilbert_4_sides_1_open,
          nicolae_spider_hilbert_4_sides_1_open,
          nicolae_spider_hilbert_4_sides_1_open,
          nicolae_spider_hilbert_2_sides_1_open,
          nicolae_spider_hilbert_2_sides_1_open,
          nicolae_spider_hilbert_2_sides_1_open,
          nicolae_spider_hilbert_2_sides_1_open,
          nicolae_spider_hilbert_6_sides_1_open,
          nicolae_spider_hilbert_6_sides_1_open,
          nicolae_spider_hilbert_3_sides_1_open,
          nicolae_spider_hilbert_3_sides_1_open], nicolae_spider_acid_house
Spider:2: layout_spider_delve
Spider:3: layout_spider_delve, hangedman_spider_tarantella_strand
Spider:4: floodkiller_spider_rune_tomb
Slime:1:  layout_caves
Slime:2:  layout_caves
Slime:3:  layout_caves, cheibrodos_slime_lost_civilization_6
Slime:4:  layout_caves
Orc:1:    layout_diamond_mine, basic_altar, serial_shops,
          nicolae_shop_advertising_works [nicolae_subvault_shop_adworks],
          uniq_sonja
Orc:2:    grunt_orc_cross, layout_caves, hangedman_feature_mirror
Elf:1:    minmay_slanted_spiral_squares, layout_loops_cross, special_room
          [special_room_mythical_zoo], serial_shops, shop, shop,
          nicolae_shop_hallway_plus, minmay_elf_demonology, uniq_roxanne
Elf:2:    elven_hall_of_blades_hangedman_original
          [infiniplex_blade_entry_pillars], layout_loops_corners,
          portal_desolation_entry_nicolae_slug, serial_shops,
          nicolae_shop_crystal, basic_altar, uniq_azrael, uniq_donald
Vaults:1: v_misc_4, vaults_room_fancy_cross, v_misc_4, v_misc_8,
          nicolae_vaults_little_ls, ontoclasm_vaults_shuriken,
          nicolae_vaults_network_periphery, v_pattern_4,
          dpeg_vaults_monster_row, vaults_room_grunt_arrival_ludios,
          ontoclasm_vaults_idyll, layout_vaults_omnicross
Vaults:2: blue_anna_dwarven_crypt, v_misc_13, kennysheep_vaults_gozag_temple,
          grunt_vaults_funnel, v_misc_3, grunt_vaults_swirl,
          ontoclasm_vaults_idyll, v_misc_17, v_alt_pattern_6,
          ontoclasm_vaults_gateway, ontoclasm_vaults_ring_small,
          vaults_room_fours, layout_vaults_maze, serial_shops, statue_bzr,
          uniq_mennas, uniq_saint_roka
Vaults:3: vaults_standard_mumra_enter_the_diamond, hangedman_vaults_restitches,
          vaults_room_boxed, hangedman_vaults_river_flow, v_rooms_1,
          ontoclasm_vaults_loading_screen, grunt_vaults_hallway_short, v_misc_2,
          st_squares, vaults_room_door_ring, nicolae_vaults_specimen_jars,
          layout_vaults_big_room, uniq_nikola, uniq_xtahua, uniq_jory
Vaults:4: vaults_dpeg_hooks, v_misc_29, v_misc_3, ontoclasm_vaults_pinch,
          st_greater_box_4, nicolae_vaults_mini_display_case, v_alt_pattern_4,
          v_rooms_5, v_misc_9, v_misc_27, ontoclasm_vaults_ligature,
          nicolae_vaults_little_squares_3, vaults_room_hallway,
          layout_vaults_omnibox, serial_shops, shop
Depths:1: layout_gridville, grunt_hell_entry_dis_grunt,
          nicolae_dithmenos_shadow_blocks, kennysheep_potato,
          infiniplex_staircase_pool_lava, grunt_megastairs_2
Depths:2: minmay_the_grid_net [minmay_the_grid_minigrid_medium,
          minmay_the_grid_eight, minmay_the_grid_tri_star, minmay_the_grid_mess,
          minmay_the_grid_armoury, minmay_the_grid_prize_trominoes],
          layout_basic, special_room [special_room_morgue], kennysheep_path_1,
          grunt_metal_band, rand_demon_pan_entry_1
Depths:3: hangedman_slaughterboxes, abyss_entry, hell_entry, pan_entry,
          serial_shops

Skill      XL: |  1  2  3  4  5  6  7  8  9 10 11 12 13 14 15 16 17 18 19 20 21 22 23 24 25 |
---------------+----------------------------------------------------------------------------+-----
Shields        | 2 3 4 10 15 | 15.1
Long Blades    | 2 4 6 7 9 11 12 13 14 | 14.5
Air Magic      | 4 9 |  9.0
Necromancy     | 4 6 12 15 | 15.0
Summonings     | 7 8 9 10 11 15 17 19 20 | 20.0
Spellcasting   | 5 7 10 11 12 14 16 | 16.8
Ice Magic      | 5 7 9 |  9.7
Dodging        | 4 6 7 8 11 | 11.1
Fighting       | 6 8 10 11 12 | 12.3
Translocations | 4 6 |  6.0
Armour         | 3 9 |  9.6
Hexes          | 3 5 |  5.0
Conjurations   | 5 |  5.1
Earth Magic    | 4 |  4.1

Action                   |  1- 3 |  4- 6 |  7- 9 | 10-12 | 13-15 | 16-18 | 19-21 | 22-24 | 25-27 || total
-------------------------+-------+-------+-------+-------+-------+-------+-------+-------+-------++-------
Melee: Club              |    13 |       |       |       |       |       |       |       |       ||    13
       Short sword       |    43 |    66 |       |       |       |       |       |       |       ||   109
       Falchion          |       |    95 |   316 |   113 |    11 |       |       |       |       ||   535
       Long sword        |       |       |       |   141 |   617 |   670 |   210 |     9 |       ||  1647
       Trident           |       |       |       |       |    36 |       |    35 |    78 |    28 ||   177
       Demon blade       |       |       |       |       |       |       |   357 |   741 |   163 ||  1261
       Staff             |       |       |       |       |       |       |     9 |     7 |       ||    16
Throw: Throwing net      |       |       |     1 |       |       |       |       |       |       ||     1
       Boomerang         |       |       |       |       |       |     1 |       |       |       ||     1
       Dart              |       |       |       |       |       |       |     3 |       |       ||     3
 Cast: Summon Small Mamm |    23 |    53 |    99 |    50 |     5 |     1 |       |       |       ||   231
       Animate Skeleton  |       |       |     9 |     4 |    17 |    14 |     2 |     3 |       ||    49
       Summon Lightning  |       |       |     1 |    63 |   135 |   134 |    44 |    13 |     2 ||   392
       Vampiric Draining |       |       |       |     5 |       |       |     1 |       |       ||     6
       Summon Ice Beast  |       |       |       |    17 |    82 |    74 |    34 |     7 |       ||   214
       Summon Cactus Gia |       |       |       |       |       |    85 |   102 |   168 |    35 ||   390
       Summon Mana Viper |       |       |       |       |       |    11 |     5 |     1 |       ||    17
       Monstrous Menager |       |       |       |       |       |    53 |   232 |   217 |    47 ||   549
       Ozocubu's Armour  |       |       |       |       |       |     4 |     6 |     3 |       ||    13
       Haunt             |       |       |       |       |       |       |    13 |    11 |    19 ||    43
       Freezing Cloud    |       |       |       |       |       |       |     3 |   113 |    17 ||   133
       Borgnjor's Vile C |       |       |       |       |       |       |       |     3 |     2 ||     5
       Sublimation of Bl |       |       |       |       |       |       |       |       |     1 ||     1
Invok: Sacrifice Artific |       |     1 |       |       |       |       |       |       |       ||     1
       Sacrifice Stealth |       |       |     1 |       |       |       |       |       |       ||     1
       Draw Out Power    |       |       |     2 |     2 |     2 |     5 |     6 |     2 |       ||    19
       Power Leap        |       |       |       |     5 |     3 |       |     1 |       |       ||     9
       Apocalypse        |       |       |       |     8 |    14 |    11 |    12 |     5 |     4 ||    54
       Sacrifice Essence |       |       |       |     1 |       |       |       |       |       ||     1
       Sacrifice Courage |       |       |       |     1 |       |       |       |       |       ||     1
       Reject Sacrifices |       |       |       |     1 |       |       |       |       |       ||     1
       Sacrifice Purity  |       |       |       |       |     1 |     1 |       |       |       ||     2
  Use: Scroll            |       |     5 |     5 |     9 |     4 |     8 |    14 |    13 |     5 ||    63
       Potion            |       |     5 |     3 |     2 |     1 |     2 |    18 |     4 |     4 ||    39
 Stab: Distracted        |       |       |     3 |     5 |    13 |    17 |    20 |    18 |     2 ||    78
       Invisible         |       |       |       |     1 |     8 |     4 |     4 |     2 |       ||    19
       Paralysed         |       |       |       |       |    22 |     7 |    10 |     9 |     2 ||    50
Armor: Robe              |     3 |    36 |    88 |    21 |   133 |    23 |       |       |       ||   304
       Leather armour    |     6 |    14 |       |       |       |       |       |       |       ||    20
       Steam dragon scal |       |       |       |    73 |     7 |   249 |   235 |   193 |    64 ||   821
Dodge: Dodged            |    34 |    84 |   129 |   108 |   230 |   314 |   322 |   277 |    61 ||  1559
Block: Buckler           |     7 |    30 |    45 |    49 |   110 |   211 |   187 |   231 |    60 ||   930
       Reflection        |       |       |       |       |     5 |    13 |    18 |    27 |    10 ||    73

Table legend: (Time is in decaauts)
 A = Elapsed time spent in this place.
 B = Non-inter-level travel time spent in this place.
 C = Inter-level travel time spent in this place.
 D = Time resting spent in this place.
 E = Time spent auto-exploring this place.
 F = Levels seen in this place.
 G = Mean time per level.
                   A        B        C        D        E       F      G
               +--------+--------+--------+--------+--------+-----+--------+
         Total |  75994 |  71315 |   4679 |  12574 |  41908 |  49 | 1550.9 |
       Dungeon |  21950 |  20063 |   1887 |   1342 |  14695 |  15 | 1463.3 |
        Temple |    942 |    942 |      0 |    888 |      0 |   1 |  942.0 |
          Lair |   9785 |   9120 |    665 |   1070 |   6200 |   6 | 1630.8 |
         Swamp |   4852 |   4619 |    233 |    502 |   3095 |   4 | 1213.0 |
   Spider Nest |   7116 |   6716 |    400 |    767 |   4434 |   4 | 1779.0 |
    Slime Pits |   1548 |   1544 |      4 |    301 |    673 |   4 |  387.0 |
  Orcish Mines |   2738 |   2359 |    379 |    443 |   1464 |   2 | 1369.0 |
   Elven Halls |   4950 |   4767 |    183 |   1232 |   2106 |   2 | 2475.0 |
        Vaults |  11134 |  10524 |    610 |   2772 |   5195 |   4 | 2783.5 |
        Depths |   8451 |   8135 |    316 |   2442 |   3369 |   3 | 2817.0 |
        Bailey |    471 |    471 |      0 |     13 |    243 |   1 |  471.0 |
      Ice Cave |   1208 |   1208 |      0 |    492 |    377 |   1 | 1208.0 |
       Volcano |    377 |    377 |      0 |    126 |     55 |   1 |  377.0 |
    Desolation |    465 |    465 |      0 |    183 |      0 |   1 |  465.0 |
               +--------+--------+--------+--------+--------+-----+--------+

Top non-repeatable levels by time:
Depths:3: 3431 daAuts
Vaults:1: 3158 daAuts
Depths:2: 3125 daAuts
Vaults:3: 3080 daAuts
Vaults:4: 2861 daAuts
   Elf:2: 2503 daAuts
   Elf:1: 2447 daAuts
Spider:1: 2313 daAuts
     D:5: 2267 daAuts
  Lair:5: 2159 daAuts
  Lair:3: 2047 daAuts
Vaults:2: 2033 daAuts
Depths:1: 1894 daAuts
  Lair:6: 1864 daAuts
    D:10: 1813 daAuts
